 Dungeon Crawl Stone Soup version 0.24-a0-529-g0b98641 (webtiles) character file.

Game seed: 18202559384857344341

33 Firecrotchwizard the Chopper (level 3, -2/33 HPs)
             Began as a Hill Orc Monk on Aug 6, 2019.
             Slain by Terence
             ... wielding a +1 flail of draining
              (8 damage)
             ... on level 2 of the Dungeon.
             The game lasted 00:03:57 (1558 turns).

Firecrotchwizard the Chopper (Hill Orc Monk)        Turns: 1558, Time: 00:03:58

Health: -2/33      AC:  3    Str: 14    XL:     3   Next: 29%
Magic:  3/3        EV: 11    Int: 10    God:
Gold:   41         SH:  0    Dex: 13    Spells: 2/2 levels left

rFire    . . .     SeeInvis .   p - -2 hand axe (curse)
rCold    . . .     Gourm    .   (no shield)
rNeg     . . .     Faith    .   o - +0 leather armour (curse)
rPois    .         Spirit   .   (no helmet)
rElec    .         Reflect  .   (no cloak)
rCorr    .         Harm     .   (no gloves)
MR       .....                  (no boots)
Stlth    +.........             (no amulet)
HPRegen  0.11/turn              (no ring)
MPRegen  0.08/turn              (no ring)

@: heavily drained
A: no striking features
a: no special abilities


You were on level 2 of the Dungeon.
You were not hungry.

You visited 1 branch of the dungeon, and saw 2 of its levels.

You collected 41 gold pieces.

Inventory:

Hand Weapons
 a - a +1 hand axe
 p - a cursed -2 hand axe (weapon)
   (You found it on level 2 of the Dungeon)
Armour
 b - a +0 robe
 k - a +0 leather armour
   (You found it on level 1 of the Dungeon)
 o - a cursed +0 leather armour (worn)
   (You found it on level 2 of the Dungeon)
Jewellery
 j - an uncursed ring of stealth {unknown}
   (You found it on level 1 of the Dungeon)
Potions
 f - a potion of heal wounds {unknown}
 g - 2 potions of mutation {unknown}
 i - 2 potions of haste {unknown}
 n - 2 potions of curing {unknown}
Comestibles
 c - 7 rations
 h - 2 chunks of flesh {@w0}


   Skills:
 + Level 4.0(2.0) Fighting
 * Level 4.9(2.8) Axes
 + Level 0.3(0.0) Armour
 - Level 2.6(0.6) Dodging
 - Level 1.5(0.0) Stealth


You had 2 spell levels left.
You didn't know any spells.
Your spell library was empty.

Dungeon Overview and Level Annotations

Branches:
Dungeon (2/15)

Altars:
Hepliaklqana
Okawaru
Trog
Vehumet

Annotations:
D:2 Terence


Message History

Found a hazy altar of Hepliaklqana.
There is an open door here.
The adder hisses angrily.
There is an open door here.
g - 2 puce potions (gained 1)
You see here a +0 club.
The goblin is too close now for your liking.
Terence shouts!
The goblin hits you.
You take 1 damage, and have 32/33 hp.
You closely miss the goblin. The goblin hits you.
You take 1 damage, and have 31/33 hp.
You hit the goblin.
You kill the goblin!
Things that are here:
a +1 hunting sling of velocity; 24 stones; a goblin corpse Terence zaps a wand.
You turn into a filthy swine.
Your cursed -2 hand axe melds into your body.
Your cursed +0 leather armour melds into your body.
Found a bloodstained altar of Trog.
You barely miss Terence.
Terence hits you with a +1 flail of draining.
You feel drained.
You take 7 damage, and have 25/33 hp.
MASSIVE DAMAGE!!
You closely miss Terence.
Terence zaps a wand.
You resist with significant effort.
You hit Terence but do no damage. Terence barely misses you.
You hit Terence but do no damage. Terence closely misses you.
Unknown command.
You barely miss Terence. You hit Terence but do no damage.
Terence hits you but does no damage.
You feel drained.
You hit Terence. Terence closely misses you.
Unknown command.
You hit Terence.
Terence zaps a wand.
You resist with significant effort.
You hit Terence.
Terence hits you with a +1 flail of draining!
You feel drained.
You take 11 damage, and have 14/33 hp.
MASSIVE DAMAGE!!
You hit Terence but do no damage. You hit Terence. Terence barely misses you.
Unknown command.
You hit Terence but do no damage.
Terence zaps a wand.
You resist with significant effort.
You hit Terence but do no damage. Terence barely misses you.
You hit Terence.
Terence zaps a wand.
You barely miss Terence.
Your transformation is almost over.
Terence screams, "I want your blood!" Terence barely misses you.
You closely miss Terence.
Unknown command.
You barely miss Terence.
Terence zaps a wand.
The now-empty wand crumbles to dust.
You hit Terence.
Terence hits you with a +1 flail of draining.
You feel drained.
You take 1 damage, and have 14/33 hp.
You barely miss Terence. Terence closely misses you.
You closely miss Terence. Terence closely misses you.
Unknown command.
You closely miss Terence. You hit Terence but do no damage.
Terence closely misses you.
You hit Terence but do no damage. Terence misses you.
You hit Terence but do no damage. Terence misses you.
Unknown command.
You hit Terence.
Your transformation has ended.
Your cursed -2 hand axe unmelds from your body.
Your cursed +0 leather armour unmelds from your body.
Terence hits you but does no damage.
You feel drained.
You closely miss Terence. Terence completely misses you.
You hit Terence but do no damage. You barely miss Terence.
Terence hits you with a +1 flail of draining!
* * * LOW HITPOINT WARNING * * *
You feel drained.
* * * LOW HITPOINT WARNING * * *
You take 9 damage, and have 6/33 hp.
MASSIVE DAMAGE!!
You hit Terence but do no damage. Terence hits you but does no damage.
You feel drained.
You hit Terence.
Terence hits you with a +1 flail of draining.
* * * LOW HITPOINT WARNING * * *
You feel drained.
You take 1 damage, and have 6/33 hp.
You completely miss Terence.
Terence hits you with a +1 flail of draining!
You die...

#....#
#.############.#.#.
#..................
######.#######.#.#. #.#
##...# #.# ##.#. #.#
#######..# ###########.#
#.........
#.....@@)...###.#####..#
#.####..#####....####.#.
#.'#.#.#'...#......
###..#..##..#.##.##
#.._#_..#..#.##...
##############.........
# #....# ._
_bS####.##.##
..####.##.##.. ..#
#.##.## #..........+#
#.#+. #.##.##


You could see Terence.

Vanquished Creatures
  A gnoll (D:1)
  A dart slug (D:1)
  3 hobgoblins
  3 jackals (D:2)
  A kobold (D:1)
  A bat (D:2)
  A frilled lizard (D:1)
  7 goblins
  A rat (D:1)
19 creatures vanquished.

Notes
Turn   | Place    | Note
-------+----------+-------------------------------------------
     0 | D:1      | Firecrotchwizard the Hill Orc Monk began the quest for the
                  | Orb.
     0 | D:1      | Reached XP level 1. HP: 19/19 MP: 1/1
   185 | D:1      | HP: 3/20 [gnoll/+0 spear (4)]
   187 | D:1      | Reached XP level 2. HP: 4/27 MP: 2/2
   805 | D:1      | Reached skill level 4 in Fighting
   998 | D:2      | Reached XP level 3. HP: 27/33 MP: 3/3
  1061 | D:2      | Noticed Terence
  1479 | D:2      | Found a radiant altar of Vehumet.
  1480 | D:2      | Found an iron altar of Okawaru.
  1485 | D:2      | Found a hazy altar of Hepliaklqana.
  1527 | D:2      | Found a bloodstained altar of Trog.
  1555 | D:2      | HP: 8/33 [Terence/+1 flail of draining (7)]
  1558 | D:2      | Slain by Terence

Levels and vault maps discovered:
D:1:      lightli_molten_gateway, layout_rooms, minmay_heptomino_d4
D:2:      layout_loops_ring, zin_purify, eat_drink_and_be_merry_uskayaw,
          nicolae_overflow_quartered_altars, first_ration, minmay_tall_x,
          uniq_terence

Skill      XL: |  1  2 |
---------------+-------+-----
Fighting       | 4 |  4.0
Axes           | |  4.9
Armour         | |  0.3
Dodging        | |  2.6
Stealth        | |  1.5

Action                   || total
-------------------------++-------
Melee: Hand axe          ||    73
       Unarmed           ||    33
  Use: Scroll            ||     4
 Stab: Sleeping          ||     1
  Eat: Chunk             ||     2
Armor: Robe              ||     5
       Leather armour    ||    18
Dodge: Dodged            ||    55

Table legend:
 A = Non-vault XP
 B = Vault XP
 C = Vault XP percentage of total XP
 D = Non-vault monster count
 E = Vault monster count
 F = Vault count percentage of total count
                 A         B        C        D         E       F
            +---------+---------+-------+---------+---------+-------
      Total |      45 |       3 |   6.2 |      17 |       2 |  10.5
            +---------+---------+-------+---------+---------+-------
        D:1 |      29 |       3 |   9.4 |       8 |       2 |  20.0
        D:2 |      16 |       0 |   0.0 |       9 |       0 |   0.0
            +---------+---------+-------+---------+---------+-------

Levels and vault maps discovered:
D:1:      lightli_molten_gateway, layout_rooms, minmay_heptomino_d4
D:2:      layout_loops_ring, zin_purify, eat_drink_and_be_merry_uskayaw,
          nicolae_overflow_quartered_altars, first_ration, minmay_tall_x,
          uniq_terence

Table legend:
 A = Turns spent in this place as a percentage of turns spent in the entire game.
 B = Non-inter-level travel turns spent in this place as a percentage of non-inter-level travel turns spent in the entire game.
 C = Inter-level travel turns spent in this place as a percentage of turns spent in this place.
 D = Turns resting spent in this place as a percentage of non-inter-level travel turns spent in this place.
 E = Turns spent auto-exploring this place as a percentage of non-inter-level travel turns spent in this place.
 F = Non-inter-level travel turns spent in this place divided by the number of levels of this place that you've seen.
                   A       B       C       D       E      F
               +-------+-------+-------+-------+-------+----------------------
         Total | 100.0 | 100.0 |   6.3 |  48.5 |  30.3 | 730.0
       Dungeon | 100.0 | 100.0 |   6.3 |  48.5 |  30.3 | 730.0
               +-------+-------+-------+-------+-------+----------------------

Table legend:
 A = Kills in this place as a percentage of kills in entire the game.
 B = Kills by you in this place as a percentage of kills by you in the entire game.
 C = Kills by friends in this place as a percentage of kills by friends in the entire game.
 D = Other kills in this place as a percentage of other kills in the entire game.
 E = Experience gained in this place as a percentage of experience gained in the entire game.
 F = Experience gained in this place divided by the number of levels of this place that you have seen.
                   A       B       C       D       E      F
               +-------+-------+-------+-------+-------+----------------------
         Total | 100.0 | 100.0 |   N/A |   N/A | 100.0 |  24.0
       Dungeon | 100.0 | 100.0 |   N/A |   N/A | 100.0 |  24.0
               +-------+-------+-------+-------+-------+----------------------
